 Dungeon Crawl Stone Soup version 0.28-a0-1199-gef9e1dbd39 (webtiles) character file.

Game seed: 17746288852056182071

106 Peloso the Covered (level 4, -2/40 HPs)
             Began as a Minotaur Fighter on Dec 19, 2021.
             Slain by Grinder (9 damage)
             ... on level 2 of the Dungeon.
             The game lasted 00:03:11 (2111 turns).

Peloso the Covered (Minotaur Fighter)               Turns: 2111, Time: 00:03:11

Health: -2/40      AC:  7    Str: 21    XL:     4   Next: 55%
Magic:  3/3        EV:  9    Int:  5    God:
Gold:   188        SH:  4    Dex: 11    Spells: 3/3 levels left

rFire   . . .      SeeInvis .   a - +0 long sword
rCold   . . .      Faith    .   c - +0 buckler
rNeg    . . .      Spirit   .   b - +0 scale mail
rPois   .          Reflect  .   (helmet restricted)
rElec   .          Harm     .   (no cloak)
rCorr   .          Rampage  .   (no gloves)
Will    .....                   (no boots)
Stlth   ..........              (no amulet)
HPRegen 0.13/turn               (no ring)
MPRegen 0.08/turn               (no ring)

@: no status effects
A: horns 2, retaliatory headbutt
a: no special abilities


You were on level 2 of the Dungeon.
You visited 1 branch of the dungeon, and saw 3 of its levels.

You collected 188 gold pieces.

Inventory:

Hand Weapons
 a - a +0 long sword (weapon)
Armour
 b - a +0 scale mail (worn)
 c - a +0 buckler (worn)
Jewellery
 n - a ring of poison resistance
Scrolls
 e - a scroll of enchant armour {unknown}
 g - 6 scrolls of teleportation {unknown}
 j - 4 scrolls of vulnerability {unknown}
 k - 2 scrolls of immolation {unknown}
 l - 2 scrolls of identify {unknown}
Potions
 d - a potion of might
 f - a potion of flight {unknown}
 h - a potion of attraction {unknown}
 i - 3 potions of lignification {unknown}
 m - a potion of curing {unknown}


   Skills:
 + Level 4.2 Fighting
 + Level 4.0 Long Blades
 + Level 4.6 Armour
 + Level 0.1 Dodging
 + Level 0.3 Stealth
 + Level 4.1 Shields


You had 3 spell levels left.
You didn't know any spells.
Your spell library was empty.

Dungeon Overview and Level Annotations

Branches:
Dungeon (3/15)

Altars:

Annotations:
D:2 Grinder


Innate Abilities, Weirdness & Mutations

You have a pair of horns on your head.
You reflexively headbutt those who attack you in melee.


Message History

You hit Grinder.
Grinder is lightly wounded.
Grinder hits you!
You writhe in agony.
You hit Grinder. Your headbutt misses Grinder.
Grinder is lightly wounded.
You block Grinder's attack. Grinder gestures at you.
You barely resist. You hit Grinder but do no damage.
Your headbutt misses Grinder.
Grinder is lightly wounded.
Grinder closely misses you. You furiously retaliate!
You headbutt Grinder. You hit Grinder.
Grinder is lightly wounded.
Grinder gestures at you.
You barely resist. You hit Grinder but do no damage. You headbutt Grinder.
Grinder is moderately wounded.
Grinder gestures at you.
You suddenly lose the ability to move!
Grinder hits you.
You writhe in agony.
Grinder hits you but does no damage. Grinder gestures at you.
You shrug off the repeated paralysis!
Grinder blinks!
You can move again.
You slash Grinder!
Grinder is severely wounded.
Grinder completely misses you.
Unknown command.
You hit Grinder.
Grinder is severely wounded.
Grinder hits you.
* * * LOW HITPOINT WARNING * * *
You writhe in agony.
* * * LOW HITPOINT WARNING * * *
Unknown command.
You closely miss Grinder.
Grinder is severely wounded.
Grinder hits you!
You die...

#.# ######## #.# ##### #......##
#.# #...# #.#...... #.# #...#
#.#.#..#. #.###########..[######
#.#.#..#. ................>[...#
##.#.#<... #.#####.....#....###.#
#..#.#.###
#.#####.....####.###.###.##......
..^...+.........@5.#.....####(##>
#######.....####.#.##########.##.
....................).....)..)##.
#################.#.############.
#...# #..... ##..# #.#### #..#
#.# #..# #.# ##.## #.#


You could see Grinder.

Vanquished Creatures
  5 adders (D:2)
  A worm (D:2)
  A dart slug (D:1)
  3 orcs
  4 ball pythons
  7 bats
  4 endoplasms (D:1)
  4 giant cockroaches
  5 goblins
  3 hobgoblins
  3 jackals (D:1)
  3 kobolds
  A quokka (D:2)
  3 frilled lizards
  4 rats
51 creatures vanquished.

Notes
Turn   | Place    | Note
-------+----------+-------------------------------------------
     0 | D:1      | Peloso the Minotaur Fighter began the quest for the Orb.
     0 | D:1      | Reached XP level 1. HP: 19/19 MP: 0/0
   182 | D:1      | Reached XP level 2. HP: 27/27 MP: 1/1
   594 | D:1      | Reached XP level 3. HP: 25/33 MP: 2/2
  1501 | D:2      | Reached XP level 4. HP: 39/40 MP: 3/3
  1859 | D:3      | Noticed Grinder
  2103 | D:2      | Paralysed by Grinder for 6 turns
  2111 | D:2      | Slain by Grinder

Illustrated notes

Levels and vault maps discovered:
D:1:      onia_arrival_pentagram, layout_basic, kennysheep_decorative_pillar,
          minmay_misc_feat_pillars, minmay_tall_x
D:2:      layout_basic
D:3:      layout_basic, gammafunk_ghost_abyssal_escape, uniq_grinder

Skill      XL: |  1  2  3  4 |
---------------+-------------+-----
Armour         | 4 |  4.6
Fighting       | 4 |  4.2
Shields        | 4 |  4.1
Long Blades    | 3 4 |  4.0
Dodging        | |  0.1
Stealth        | |  0.3

Action                   |  1- 3 |  4- 6 || total
-------------------------+-------+-------++-------
Melee: Long sword        |    85 |    41 ||   126
       Headbutt          |    10 |     4 ||    14
Armor: Scale mail        |    41 |    15 ||    56
Dodge: Dodged            |    41 |    21 ||    62
Block: Buckler           |    15 |    11 ||    26

Table legend: (Time is in decaauts)
 A = Elapsed time spent in this place.
 B = Non-inter-level travel time spent in this place.
 C = Inter-level travel time spent in this place.
 D = Time resting spent in this place.
 E = Time spent auto-exploring this place.
 F = Levels seen in this place.
 G = Mean time per level.
                   A        B        C        D        E       F      G
               +--------+--------+--------+--------+--------+-----+--------+
         Total |   2142 |   2091 |     51 |    175 |   1499 |   3 |  714.0 |
       Dungeon |   2142 |   2091 |     51 |    175 |   1499 |   3 |  714.0 |
               +--------+--------+--------+--------+--------+-----+--------+

Top non-repeatable levels by time:
     D:2: 1021 daAuts
     D:1: 974 daAuts
     D:3: 146 daAuts
